 Dungeon Crawl Stone Soup version 0.29-a0-234-g0dae59b3db (webtiles) character file.

Game seed: 12860273703783414471

97 sammy202020 the Skirmisher (level 4, -8/37 HPs)
             Began as a Demonspawn Berserker on Mar 2, 2022.
             Was a Believer of Trog.
             Killed by an exploding orc (30 damage)
             ... ignited by their inner flame
             ... on level 3 of the Dungeon.
             The game lasted 00:03:55 (2224 turns).

sammy202020 the Skirmisher (Demonspawn Berserker)   Turns: 2224, Time: 00:03:56

Health: -8/37      AC: 11    Str: 20    XL:     4   Next: 42%
Magic:  4/4        EV: 12    Int:  8    God:    Trog [**....]
Gold:   116        SH:  0    Dex: 12    Spells: 3/3 levels left

rFire   . . .      SeeInvis .   a - +0 mace
rCold   . . .      Faith    .   (no shield)
rNeg    . . .      Spirit   .   f - +0 chain mail
rPois   .          Reflect  .   (no helmet)
rElec   .          Harm     .   (no cloak)
rCorr   .          Rampage  .   (no gloves)
Will    .....                   g - +1 pair of boots {Fly}
Stlth   ..........              (no amulet)
HPRegen 1.12/turn               d - +4 ring of evasion
MPRegen 0.09/turn               (no ring)

@: flying
A: powered by death 1
a: Renounce Religion, Berserk, Trog's Hand


You were on level 3 of the Dungeon.
You worshipped Trog.
Trog was pleased with you.
You visited 1 branch of the dungeon, and saw 3 of its levels.

You collected 116 gold pieces.

Inventory:

Hand Weapons
 a - a +0 mace (weapon)
Missiles
 b - 6 poisoned darts (quivered)
 k - 2 throwing nets
Armour
 f - a +0 chain mail (worn)
 g - a +1 pair of boots of flying (worn)
Jewellery
 d - a +4 ring of evasion (left hand)
Scrolls
 c - a scroll of immolation
 e - 3 scrolls of identify
 l - 2 scrolls of amnesia {unknown}
 m - a scroll of teleportation {unknown}
Potions
 i - a potion of curing
 j - a potion of brilliance {unknown}


   Skills:
 + Level 3.7 Fighting
 + Level 3.3 Maces & Flails
 + Level 2.5 Armour
 + Level 2.6 Dodging


You had 3 spell levels left.
You didn't know any spells.
Your spell library was empty.

Dungeon Overview and Level Annotations

Branches:
Dungeon (3/15)

Altars:


Innate Abilities, Weirdness & Mutations

You regenerate a little health from kills.


Message History

As you read the scroll labelled XOTUHE OREI, it crumbles to dust.
It is a scroll of identify.
i - a potion of curing An orc comes into view.
It is wielding a +0 dagger.
Blink to where?
Press: ? - help, Dir - move target, f - you Are you sure you want to cancel this blink? [Y]es or [N]o only, please.
Are you sure you want to cancel this blink? [Y]es or [N]o only, please.
Are you sure you want to cancel this blink? [Y]es or [N]o only, please.
Are you sure you want to cancel this blink? [Y]es or [N]o only, please.
Are you sure you want to cancel this blink? [Y]es or [N]o only, please.
Are you sure you want to cancel this blink?
Okay, then.
As you read the scroll labelled SAENAE AMPOXA, it crumbles to dust.
It was a scroll of blinking.
You completely miss the orc. You closely miss the orc. The orc misses you.
You barely miss the orc. The orc closely misses you.
The orc hits you with a +0 flail.
A frilled lizard comes into view.
You thump the orc! Trog accepts your kill.
The orc explodes!
The fiery explosion engulfs you!
The fiery explosion engulfs the orc!!
Trog accepts your kill.
The orc explodes!
The fiery explosion engulfs the orc!!
You kill the orc!
Trog accepts your kill.
You can now call upon Trog for regeneration and willpower.
The fiery explosion engulfs the orc!!
Trog accepts your kill. The fiery explosion engulfs you!!
Ouch! That really hurt!
You die...

.# #. ... ..# #.#
#.# #.###.#
...#..$#.#########.
#.#.#.#.#.<.......
..?#.#.#..#####..
#.#.#.#...#
.###.##§.##.#..##
.....§§@#......#
##.###§####.##.#
#§) #....# #.#
###### #. .. .. l#


You could see a frilled lizard.

Vanquished Creatures
  3 gnolls (D:2)
  3 adders (D:2)
  2 dart slugs
  4 orcs (D:3)
  4 ball pythons
  4 endoplasms
  4 giant cockroaches
  2 goblins
  2 hobgoblins
  2 quokkas
  3 bats
  2 frilled lizards (D:2)
  5 kobolds
  2 rats (D:1)
42 creatures vanquished.

Notes
Turn   | Place    | Note
-------+----------+-------------------------------------------
     0 | D:1      | sammy202020 the Demonspawn Berserker began the quest for
                  | the Orb.
     0 | D:1      | Reached XP level 1. HP: 18/18 MP: 1/1
   335 | D:1      | Gained mutation: You regenerate a little health from kills.
                  | [demonic ancestry]
   335 | D:1      | Reached XP level 2. HP: 16/24 MP: 2/2
  1200 | D:2      | Reached XP level 3. HP: 12/29 MP: 3/3
  1814 | D:2      | Reached XP level 4. HP: 28/35 MP: 4/4
  2224 | D:3      | Reached ** piety under Trog
  2224 | D:3      | Killed by an exploding orc... ignited by their inner flame

Illustrated notes

Levels and vault maps discovered:
D:1:      sevenhm_arrival_forest_fort_small_3, layout_basic
D:2:      layout_basic
D:3:      layout_basic, shapermc_ecumenical_altar_mp_highgroup,
          serial_bayou_ford_a, nicolae_concentric_dashed_squares_mild,
          minivault_26, uniq_crazy_yiuf_cottage

Skill      XL: |  1  2 |
---------------+-------+-----
Armour         | 2 |  2.5
Dodging        | 2 |  2.6
Maces & Flails | 3 |  3.3
Fighting       | |  3.7

Action                   |  1- 3 |  4- 6 || total
-------------------------+-------+-------++-------
Melee: Mace              |    97 |    21 ||   118
Invok: Berserk           |       |     1 ||     1
  Use: Scroll            |       |     3 ||     3
 Stab: Sleeping          |     1 |       ||     1
Armor: Animal skin       |     2 |       ||     2
       Chain mail        |    34 |    10 ||    44
Dodge: Dodged            |    70 |    22 ||    92

Table legend: (Time is in decaauts)
 A = Elapsed time spent in this place.
 B = Non-inter-level travel time spent in this place.
 C = Inter-level travel time spent in this place.
 D = Time resting spent in this place.
 E = Time spent auto-exploring this place.
 F = Levels seen in this place.
 G = Mean time per level.
                   A        B        C        D        E       F      G
               +--------+--------+--------+--------+--------+-----+--------+
         Total |   2257 |   2143 |    114 |    359 |   1309 |   3 |  752.3 |
       Dungeon |   2257 |   2143 |    114 |    359 |   1309 |   3 |  752.3 |
               +--------+--------+--------+--------+--------+-----+--------+

Top non-repeatable levels by time:
     D:1: 1181 daAuts
     D:2: 1057 daAuts
     D:3: 18 daAuts
